 Dungeon Crawl Stone Soup version 0.25-a0-110-ge29c8f2358 (webtiles) character file.

Game seed: 9375690322041218364, levelgen mode: deterministic

1491 MisterFreud the Nimble (level 8, -1/50 HPs)
             Began as an Octopode Gladiator on Nov 19, 2019.
             Slain by a hound (3 damage)
             ... on level 5 of the Dungeon.
             The game lasted 00:08:23 (5563 turns).

MisterFreud the Nimble (Octopode Gladiator)         Turns: 5563, Time: 00:08:24

Health: -1/50      AC:  1    Str: 14    XL:     8   Next: 80%
Magic:  17/17      EV: 18    Int: 12    God:
Gold:   227        SH:  0    Dex: 13    Spells: 7/7 levels left

rFire    . . .     SeeInvis .   o - +2 long sword (holy)
rCold    . . .     Gourm    .   (no shield)
rNeg     + . .     Faith    .   b - +0 hat
rPois    .         Spirit   .   (no amulet)
rElec    .         Reflect  .   h - ring of magical power
rCorr    .         Harm     .   p - ring of positive energy
MR       .....                  w - ring of flight
Stlth    ++........             (no ring)
HPRegen  0.16/turn              (no ring)
MPRegen  0.15/turn              (no ring)
                                (no ring)
                                (no ring)

@: no status effects
A: almost no armour, stealthy swim, amphibious, 8 rings, constrict 8, camouflage
1, gelatinous body 1
a: Evoke Flight


You were on level 5 of the Dungeon.
You were hungry.

You visited 2 branches of the dungeon, and saw 8 of its levels.

You collected 227 gold pieces.

Inventory:

Hand Weapons
 a - a +0 long sword
 o - a +2 long sword of holy wrath (weapon)
Missiles
 c - 3 throwing nets (quivered)
Armour
 b - a +0 hat (worn)
Jewellery
 h - a ring of magical power (left tentacle)
 p - a ring of positive energy (right tentacle)
 w - a ring of flight (on tentacle)
Wands
 r - a wand of polymorph (11)
 v - a wand of iceblast (9)
Scrolls
 e - 3 scrolls of blinking {unknown}
 i - 2 scrolls of remove curse {unknown}
 j - 2 scrolls of identify
 k - 3 scrolls of teleportation {unknown}
 n - 2 scrolls of amnesia {unknown}
 t - a scroll of immolation {unknown}
 u - a scroll of enchant armour {unknown}
Potions
 f - 2 potions of invisibility
 g - a potion of brilliance
 l - 2 potions of haste
 m - a potion of mutation
 q - a potion of agility
 s - a potion of heal wounds
Comestibles
 d - 14 rations


   Skills:
 - Level 2.0 Fighting
 - Level 8.0 Long Blades
 - Level 2.0 Throwing
 + Level 8.3 Dodging


You had 7 spell levels left.
You didn't know any spells.
Your spell library contained the following spells:

 Spells                   Type           Power        Failure   Level  Hunger
 Sting                    Conj/Pois      #...         32%         1    ##.....
 Poisonous Vapours        Pois/Air       #.....       45%         2    ###....
 Mephitic Cloud           Conj/Pois/Air  #.......     69%         3    ####...
 Olgreb's Toxic Radiance  Pois           #.......     97%         4    #####..
 Venom Bolt               Conj/Pois      #.........   100%        5    ######.


Dungeon Overview and Level Annotations

Branches:
Dungeon (7/15)             Temple (1/1) D:4

Altars:
Ashenzari
Dithmenos
Elyvilon
Fedhas
Gozag
Hepliaklqana
Kikubaaqudgha
Nemelex Xobeh
Okawaru
Qazlal
Sif Muna
Trog
Uskayaw
Vehumet
Wu Jian
Xom
Zin
The Shining One

Shops:
D:4 =

Annotations:
D:3 4 runed translucent doors, Crazy Yiuf; bmj180's ghost, amateur HOFi
D:6 1 runed translucent door, Killmatronix's ghost, novice HuCj
D:7 Dowan; Duvessa


Innate Abilities, Weirdness & Mutations

You cannot wear most types of armour.
You are very stealthy in the water. (Stealth+)
You are amphibious.
You can wear up to eight rings at the same time.
You can use your tentacles to constrict eight enemies at once.
Your skin changes colour to match your surroundings (Stealth+).
Your rubbery body absorbs attacks. (AC +1, EV +1)


Message History

The hound bites you.
You hit Grinder.
Grinder convulses.
You grab Grinder. You squeeze Grinder, but do no damage.
Grinder is severely wounded.
You constrict Grinder. Grinder gestures at you. Pain shoots through your body!
The hound bites you. The jelly hits you.
You are splashed with acid!
* * * LOW HITPOINT WARNING * * *
You hit Grinder.
Grinder convulses.
Grinder is almost dead.
You constrict Grinder. The hound bites you.
* * * LOW HITPOINT WARNING * * *
Grinder closely misses you. The hound misses you. The jelly misses you.
Unknown command.
You hit Grinder.
You kill Grinder!
Your Dodging skill increases to level 8!
The hound bites you.
You die...

... #. #.# .. #..
#.# .# #.. #.# .# ##
. #.. #.# .##.#..
#..###.# .#.....
#...##.# .......
#.#.##.###J......#.#
#........@.........#
###.######h......#.#
#.# #.....##.# #.#
#...###.# #.# #.##
#.####### #.#
.####.S...... #.#
#.<†.J....## #.#
#h#######.# #.### #.
#.#


You could see a hound and a jelly.

Vanquished Creatures
  Grinder (D:5)
  Sigmund (D:2)
  A sky beast (D:5)
  An ogre (D:4)
  3 phantoms
  2 bullfrogs (D:6)
  A howler monkey (D:4)
  3 hounds
  2 centaur skeletons
  Terence (D:2)
  2 iguanas
  5 worker ants
  A hound zombie (D:6)
  A worker ant zombie (D:5)
  A hound skeleton (D:6)
  A gnoll (D:1)
  8 adders
  A shadow imp (D:6)
  An adder skeleton (D:4)
  A dart slug (D:1)
  3 leopard geckos
  9 orcs
  5 bats
  6 giant cockroaches
  8 goblins
  6 hobgoblins
  13 jackals
  6 kobolds
  3 quokkas
  3 ball pythons
  6 frilled lizards
  A quokka skeleton (D:6)
  6 rats
113 creatures vanquished.

Notes
Turn   | Place    | Note
-------+----------+-------------------------------------------
     0 | D:1      | MisterFreud the Octopode Gladiator began the quest for the
                  | Orb.
     0 | D:1      | Reached XP level 1. HP: 14/14 MP: 1/1
   136 | D:1      | Reached XP level 2. HP: 19/19 MP: 2/2
   174 | D:1      | Reached XP level 3. HP: 17/24 MP: 3/3
   856 | D:2      | Found a bloodstained altar of Trog.
   941 | D:2      | Reached XP level 4. HP: 22/29 MP: 4/4
   990 | D:2      | Found a stormy altar of Qazlal.
  1212 | D:2      | Noticed Sigmund
  1218 | D:2      | Killed Sigmund
  1218 | D:2      | Reached XP level 5. HP: 16/34 MP: 5/5
  1492 | D:2      | Noticed Terence
  1501 | D:2      | Killed Terence
  1501 | D:2      | Reached XP level 6. HP: 18/39 MP: 6/6
  1759 | D:2      | Found a sparkling altar of Nemelex Xobeh.
  2129 | D:3      | Found a runed translucent gate.
  2135 | D:3      | Found a runed translucent gate.
  2136 | D:3      | Found a runed translucent gate.
  2136 | D:3      | Noticed bmj180's ghost (amateur HOFi)
  2232 | D:3      | Found a runed translucent door.
  2233 | D:3      | Noticed Crazy Yiuf
  2989 | D:4      | Found a staircase to the Ecumenical Temple.
  2995 | Temple   | Entered the Ecumenical Temple
  3172 | D:4      | You fall into a shaft and drop 3 floors!
  3173 | D:7      | Noticed Duvessa
  3173 | D:7      | Noticed Dowan
  3181 | D:6      | Reached XP level 7. HP: 24/45 MP: 7/7
  4000 | D:6      | Found a runed translucent door.
  4000 | D:6      | Found a shimmering altar of Xom.
  4000 | D:6      | Noticed Killmatronix's ghost (novice HuCj)
  4003 | D:6      | Noticed a +1 mace of chaos
  4093 | D:6      | Reached skill level 5 in Dodging
  4202 | D:6      | Reached XP level 8. HP: 44/50 MP: 8/8
  4235 | D:5      | Entered Level 5 of the Dungeon
  4328 | D:5      | Noticed Grinder
  4722 | D:4      | Found Ruxax's Jewellery Boutique.
  5562 | D:5      | HP: 2/50 [hound (6)]
  5563 | D:5      | Killed Grinder
  5563 | D:5      | Slain by a hound

Levels and vault maps discovered:
D:1:      minmay_arrival_semitransparent, layout_loops_cross
D:2:      layout_basic, nemelex_altar_shiori, nicolae_qazlal_general_emergency,
          nicolae_overflow_hidden_temple, serial_forest,
          infiniplex_forest_clump_cross, infiniplex_forest_clump_double,
          infiniplex_forest_lined_2, infiniplex_forest_join, uniq_sigmund,
          uniq_terence
D:3:      layout_loops_ring, gammafunk_ghost_nasty_kobolds,
          uniq_crazy_yiuf_cottage
D:4:      layout_basic, minmay_temple_entry_wispy, serial_shops, shop,
          chequers_serial_rivers_micro_e
D:5:      layout_loops_ring, lemuel_round_altar, first_ration, uniq_ijyb,
          uniq_menkaure, uniq_grinder
D:6:      layout_basic, ebering_ghost_xom
D:7:      layout_basic, uniq_prince_ribbit1, uniq_duvessa
Temple:   regret_index_temple_waves

Skill      XL: |  1  2  3  4  5  6  7  8 |
---------------+-------------------------+-----
Long Blades    | 4 6 7 8 |  8.0
Dodging        | 5 8 |  8.3
Fighting       | |  2.0
Throwing       | |  2.0

Action                   |  1- 3 |  4- 6 |  7- 9 || total
-------------------------+-------+-------+-------++-------
Melee: Long sword        |    45 |    87 |   120 ||   252
       Constrict         |    14 |    27 |    22 ||    63
       Tentacles         |     3 |    15 |    29 ||    47
  Use: Scroll            |       |     4 |     2 ||     6
       Potion            |       |       |     1 ||     1
 Stab: Sleeping          |     6 |     5 |     2 ||    13
  Eat: Chunk             |       |     7 |     7 ||    14
Armor: Skin              |     4 |     4 |     5 ||    13
Dodge: Dodged            |    46 |    66 |    79 ||   191
       Rpst.: Long sword |    10 |    17 |    20 ||    47

Table legend:
 A = Non-vault XP
 B = Vault XP
 C = Vault XP percentage of total XP
 D = Non-vault monster count
 E = Vault monster count
 F = Vault count percentage of total count
                 A         B        C        D         E       F
            +---------+---------+-------+---------+---------+-------
      Total |    1629 |     502 |  23.6 |     110 |       3 |   2.7
            +---------+---------+-------+---------+---------+-------
        D:1 |      49 |       0 |   0.0 |      19 |       0 |   0.0
        D:2 |      58 |     244 |  80.8 |      20 |       2 |   9.1
        D:3 |     146 |       0 |   0.0 |      26 |       0 |   0.0
        D:4 |     583 |       0 |   0.0 |      19 |       0 |   0.0
        D:5 |     157 |     258 |  62.2 |       6 |       1 |  14.3
        D:6 |     636 |       0 |   0.0 |      20 |       0 |   0.0
            +---------+---------+-------+---------+---------+-------
